 Dungeon Crawl Stone Soup version 0.28-a0-535-g6f645e4c1d (webtiles) character file.

Game seed: 10198973979689519283

3082 shoop the Slicer (level 9, -2/42 HPs)
             Began as a Vine Stalker Necromancer on Sept 26, 2021.
             Was a Believer of Kikubaaqudgha.
             Slain by willcat's ghost (5 damage)
             ... on level 6 of the Dungeon.
             The game lasted 00:22:48 (8040 turns).

shoop the Slicer (Vine Stalker Necromancer)         Turns: 8040, Time: 00:22:49

Health: -2/42      AC:  7    Str: 12    XL:     9   Next: 89%
Magic:  0/23       EV: 12    Int: 17    God:    Kikubaaqudgha [**....]
Gold:   356        SH:  8    Dex: 15    Spells: 9/14 levels left

rFire   . . .      SeeInvis .   b - +0 short sword (venom)
rCold   . . .      Faith    .   M - +3 buckler "Kozirchum" {MP+9}
rNeg    . . .      Spirit   +   J - +0 steam dragon scales
rPois   .          Reflect  .   (no helmet)
rElec   .          Harm     .   N - +0 cloak
rCorr   +          Rampage  .   (no gloves)
Will    +....                   K - +0 pair of boots
Stlth   +++.......              i - amulet of regeneration
HPRegen 2.14/turn               q - ring of resist corrosion
MPRegen 0.18/turn               (no ring)

@: lethally poisoned (-2 -> -3), about to teleport
A: fangs 3, regeneration 1, magic shield, antimagic bite, no potion heal 2
a: Renounce Religion, Receive Corpses


You were on level 6 of the Dungeon.
You worshipped Kikubaaqudgha.
Kikubaaqudgha was pleased with you.
You visited 1 branch of the dungeon, and saw 7 of its levels.
You also visited: Sewer.

You collected 356 gold pieces.

Inventory:

Hand Weapons
 a - a +1 dagger of draining
 b - a +0 short sword of venom (weapon)
 c - a +0 whip
 e - a +0 dagger
 E - a +0 dagger of venom
Missiles
 B - 2 curare-tipped darts
Armour
 f - a +0 robe
 p - a +0 robe of cold resistance
 v - a +0 buckler
 J - +0 steam dragon scales (worn)
 K - a +0 pair of boots (worn)
 M - the +3 buckler "Kozirchum" (worn) {MP+9}
   (You found it on level 7 of the Dungeon)

   MP:        It affects your magic capacity (+9).
 N - a +0 cloak (worn)
Jewellery
 i - an amulet of regeneration (around neck)
 q - a ring of resist corrosion (left hand)
 y - a ring of fire
Wands
 I - a wand of iceblast (15)
Scrolls
 j - 2 scrolls of teleportation
 k - a scroll of amnesia {unknown}
 l - 2 scrolls of identify {unknown}
 n - a scroll of fog {unknown}
 t - 2 scrolls of enchant armour {unknown}
 u - a scroll of fear {unknown}
 z - a scroll of holy word {unknown}
 A - a scroll of noise {unknown}
 F - a scroll of enchant weapon {unknown}
 H - 2 scrolls of magic mapping {unknown}
 L - a scroll of torment {unknown}
 O - a scroll of acquirement {unknown}
Potions
 d - 3 potions of curing {unknown}
 g - 4 potions of haste {unknown}
 h - a potion of degeneration {unknown}
 m - 2 potions of berserk rage {unknown}
 o - 5 potions of might {unknown}
 r - 2 potions of attraction {unknown}
 s - a potion of brilliance {unknown}
 w - 3 potions of lignification {unknown}
 x - 5 potions of invisibility
 C - 4 potions of heal wounds {unknown}
 D - 2 potions of mutation {unknown}
 G - 2 potions of resistance {unknown}
 P - a potion of flight {unknown}


   Skills:
 - Level 2.0 Fighting
 - Level 8.0 Short Blades
 - Level 2.0 Dodging
 - Level 6.0 Stealth
 + Level 3.9 Shields
 - Level 3.0 Spellcasting
 - Level 7.3 Necromancy
 - Level 0.2 Earth Magic
 - Level 0.3 Poison Magic
 - Level 3.0 Evocations


You had 9 spell levels left.
You knew the following spells:

 Your Spells              Type           Power      Damage    Failure   Level
a - Pain                  Necr           100%       1d9       1%          1
c - Animate Dead          Necr           13%        N/A       9%          4

Your spell library contained the following spells:

 Spells                   Type           Power      Damage    Failure   Level
 Animate Skeleton         Necr           54%        N/A       1%          1
 Sublimation of Blood     Necr           13%        N/A       1%          2
 Vampiric Draining        Necr           13%        2d7       2%          3
 Magic Dart               Conj           8%         1d3       17%         1
 Agony                    Necr           27%        N/A       24%         5
 Call Imp                 Summ           2%         N/A       26%         2
 Mephitic Cloud           Conj/Pois/Air  3%         N/A       45%         3


Dungeon Overview and Level Annotations

Branches:
Dungeon (7/15)             Temple (0/1) D:5           Sewer (visited)

Altars:
Ashenzari
Dithmenos
Elyvilon
Gozag
Kikubaaqudgha
Makhleb
Nemelex Xobeh
Uskayaw
Wu Jian
The Shining One

Shops:
D:3 [   D:6 *

Annotations:
D:2 1 runed translucent door, Crazy Yiuf
D:4 3 runed translucent doors, Foxy's ghost, amateur VSFi
D:5 exclusions: orc and orc priest
D:6 1 transporter, willcat's ghost, weakling OpDe


Innate Abilities, Weirdness & Mutations

You have razor-sharp teeth.
Your natural rate of healing is unusually fast.
When hurt, damage is shared between your health and your magic reserves.
Your bite disrupts and absorbs the magic of your enemies.
Potions cannot restore your health.


Message History

You feel very sick.
The killer bee stings you but does no damage.
The queen bee calls on the killer bee to defend it!
The killer bee goes berserk!
You feel sick. The killer bee closely misses you. The killer bee stings you!
You hear an angry buzzing noise.
You feel sick.
You hear an angry buzzing noise.
You block the killer bee's attack.
You barely miss the killer bee.
You feel sick.
You kill the queen bee!
Kikubaaqudgha accepts your kill.
You hear an angry buzzing noise.
The killer bee stings you. x2; The killer bee barely misses you.
You block the killer bee's attack.
Your Shields skill increases to level 3!
You hit the killer bee.
The killer bee is poisoned.
Your bite misses the killer bee.
The killer bee is lightly wounded.
The killer bee stings you!
* * * LOW HITPOINT WARNING * * *
The killer bee barely misses you.
The killer bee stings you but does no damage.
You feel sick. The killer bee barely misses you.
You block the killer bee's attack. The killer bee misses you.
The killer bee barely misses you.
As you read the scroll of teleportation, it crumbles to dust.
You feel strangely unstable.
You feel sick. The killer bee stings you!
* * * LOW HITPOINT WARNING * * *
You are more poisoned.
The killer bee poisons you!
The killer bee stings you but does no damage.
The killer bee barely misses you. You block the killer bee's attack.
The killer bee barely misses you.
You hit the killer bee.
The killer bee is heavily wounded.
You feel sick. You block the killer bee's attack.
The killer bee completely misses you. Willcat's ghost hits you.
You die...
Kikubaaqudgha rasps: "You have failed me!
Welcome... death!"

#######.....##.........##
#...........##.#####.....
#.#####........####.....#
#.##.......©....(..#...##
#.#..#############..#.##
#...#####..©..#####...#
#..###...#...#..!###..#
#..##..#Wy###[.#..##.+##
#..###.#@#y..#...###...##
#...# ###yy#y.#####.....#
##.###...#y..#.#.###.....
#.##yy#..###..#.y##.....
#.###.#.#...#..y###.....
#..#####$)y[$#####......
##..#############.......
##.......©............#
########.#.######...##


You could see 4 killer bees and willcat's ghost.

Vanquished Creatures
  2 centaur zombies
  A queen bee (D:6)
  A hornet (D:7)
  2 steam dragons (D:7)
  A black bear (D:5)
  2 hornet zombies
  An orc warrior (D:7)
  2 sky beasts
  An ice beast (D:7)
  A centaur (D:7)
  An ogre (D:5)
  4 kobold brigands
  3 bullfrogs
  A gnoll sergeant (D:7)
  A scorpion (D:4)
  A water moccasin zombie (D:6)
  A water moccasin skeleton (D:5)
  2 howler monkeys
  2 hounds
  A jelly (D:7)
  A bullfrog skeleton (D:6)
  3 iguanas
  2 orc wizards (D:7)
  4 gnolls (D:7)
  A howler monkey skeleton (D:4)
  A river rat (D:6)
  8 adders
  2 white imps
  2 ufetubi (D:5)
  An adder skeleton (D:4)
  A worm (D:2)
  3 dart slugs
  16 orcs
  11 ball pythons
  6 endoplasms
  6 giant cockroaches
  5 goblins
  6 hobgoblins
  26 kobolds
  5 quokkas
  9 bats
  7 frilled lizards
  8 rats
165 creatures vanquished.

Vanquished Creatures (collateral kills)
  A kobold (Sewer)
1 creature vanquished.

Vanquished Creatures (others)
  4 plants (Sewer)
4 creatures vanquished.

Grand Total: 170 creatures vanquished

Notes
Turn   | Place    | Note
-------+----------+-------------------------------------------
     0 | D:1      | shoop the Vine Stalker Necromancer began the quest for the
                  | Orb.
     0 | D:1      | Reached XP level 1. HP: 9/9 MP: 4/4
   308 | D:1      | Reached XP level 2. HP: 11/13 MP: 4/6
   391 | D:1      | Found a faded altar of an unknown god.
  1534 | D:1      | Reached XP level 3. HP: 12/16 MP: 5/7
  2006 | D:2      | Reached skill level 1 in Short Blades
  2583 | D:2      | Found a runed translucent door.
  2584 | D:2      | Noticed Crazy Yiuf
  2671 | D:3      | Found Ykisoez's Armour Shoppe.
  2726 | D:3      | Reached skill level 2 in Short Blades
  2726 | D:3      | Gained mutation: Your natural rate of healing is unusually
                  | fast. [Vine Stalker growth]
  2726 | D:3      | Reached XP level 4. HP: 17/21 MP: 4/8
  2836 | D:3      | Found a hide-covered altar of Uskayaw.
  3005 | D:3      | Found an ancient bone altar of Kikubaaqudgha.
  3005 | D:3      | Found a burning altar of Makhleb.
  3016 | D:3      | Became a worshipper of Kikubaaqudgha
  3091 | D:3      | Reached skill level 3 in Short Blades
  3295 | D:4      | Noticed Foxy's ghost (amateur VSFi)
  3295 | D:4      | Noticed an ogre
  3295 | D:4      | Found a runed translucent gate.
  3295 | D:4      | Found a runed translucent gate.
  3295 | D:4      | Found a runed translucent gate.
  3388 | D:4      | Reached XP level 5. HP: 24/24 MP: 3/9
  3393 | D:4      | Learned a level 4 spell: Animate Dead
  3460 | D:4      | Found a glowing golden altar of the Shining One.
  3803 | D:4      | Found a white marble altar of Elyvilon.
  3963 | D:4      | Reached XP level 6. HP: 29/29 MP: 9/11
  4180 | D:4      | Reached skill level 4 in Short Blades
  4264 | D:5      | Entered Level 5 of the Dungeon
  4348 | D:5      | Found an ornate altar of the Wu Jian Council.
  4507 | D:5      | Reached skill level 1 in Fighting
  4535 | D:5      | Noticed a black bear
  4603 | D:5      | Reached * piety under Kikubaaqudgha
  4603 | D:5      | Received a gift from Kikubaaqudgha
  4639 | D:5      | Killed a black bear
  4640 | D:5      | Reached XP level 7. HP: 25/33 MP: 6/12
  4661 | D:5      | Reached skill level 5 in Short Blades
  4676 | D:5      | Reached skill level 6 in Short Blades
  4676 | D:5      | Reached skill level 5 in Necromancy
  4787 | D:5      | Gained mutation: You have razor-sharp teeth. [Vine Stalker
                  | growth]
  4787 | D:5      | Reached XP level 8. HP: 32/39 MP: 13/13
  4870 | D:5      | Found a staircase to the Ecumenical Temple.
  5331 | D:6      | Found a glowing drain.
  5403 | D:6      | Found Ustram's Assorted Antiques.
  5458 | D:6      | Noticed a queen bee
  5466 | D:6      | Found a transporter.
  5470 | D:6      | Found a transporter.
  5499 | D:6      | Reached skill level 7 in Short Blades
  5501 | D:6      | Noticed willcat's ghost (weakling OpDe)
  5600 | Sewer    | Entered a sewer
  5895 | Sewer    | Reached ** piety under Kikubaaqudgha
  6107 | D:6      | Reached skill level 8 in Short Blades
  6126 | D:6      | Found a broken altar of Ashenzari.
  6413 | D:6      | Reached skill level 1 in Evocations
  6563 | D:6      | Reached XP level 9. HP: 42/42 MP: 14/14
  6987 | D:7      | Reached skill level 5 in Stealth
  7120 | D:7      | Noticed a hornet
  7155 | D:7      | Killed a hornet
  7206 | D:7      | Found a shadowy altar of Dithmenos.
  7228 | D:7      | Identified the +3 buckler "Kozirchum" {MP+9}
  7297 | D:7      | Reached skill level 1 in Shields
  7663 | D:7      | Found a sparkling altar of Nemelex Xobeh.
  7663 | D:7      | Found an opulent altar of Gozag.
  8036 | D:6      | Killed a queen bee
  8040 | D:6      | Slain by willcat's ghost

Illustrated notes

Levels and vault maps discovered:
D:1:      mrwooster_arrival_statue_3, layout_loops_ring,
          shapermc_ecumenical_altar_mp_vishouse
D:2:      layout_basic, minmay_tromino_i4, uniq_crazy_yiuf_cottage
D:3:      layout_rooms, eat_drink_and_be_merry_uskayaw, jmf_multi_god_temple,
          serial_shops, shop
D:4:      layout_gridville, lemuel_crystal_altar,
          mainiacjoe_overflow_six_doors_small, ebering_ghost_rock_garden
D:5:      layout_cave_pods, nzn_wu_jian_council_hall,
          minmay_temple_entry_crystal_x
D:6:      layout_loops_corners, overflow_temple_1_default, serial_shops,
          nicolae_shop_competitors_out_of_business, gammafunk_ghost_hive,
          cheibrodos_sewer_entry_sluice
D:7:      layout_rooms, grunt_temple_overflow_opulence, grunt_dithmenos_smoke,
          minmay_fractal_squares_diagonal_5

Skill      XL: |  1  2  3  4  5  6  7  8  9 |
---------------+----------------------------+-----
Short Blades   | 2 3 4 6 8 |  8.0
Stealth        | 3 6 |  6.0
Fighting       | 1 2 |  2.0
Dodging        | 2 |  2.0
Spellcasting   | 3 |  3.0
Necromancy     | 5 6 7 |  7.3
Evocations     | 2 3 |  3.0
Shields        | 3 |  3.9
Earth Magic    | |  0.2
Poison Magic   | |  0.3

Action                   |  1- 3 |  4- 6 |  7- 9 || total
-------------------------+-------+-------+-------++-------
Melee: Dagger            |    82 |   168 |   121 ||   371
       Bite              |    11 |    50 |   115 ||   176
       Short sword       |       |       |   278 ||   278
 Cast: Pain              |    35 |    14 |    19 ||    68
       Animate Dead      |       |     3 |    14 ||    17
  Use: Scroll            |       |       |     2 ||     2
 Stab: Sleeping          |     4 |     3 |     5 ||    12
Armor: Robe              |    16 |    38 |    23 ||    77
       Steam dragon scal |       |       |    51 ||    51
Dodge: Dodged            |    54 |   122 |   193 ||   369
Block: Buckler           |       |       |    17 ||    17

Table legend: (Time is in decaauts)
 A = Elapsed time spent in this place.
 B = Non-inter-level travel time spent in this place.
 C = Inter-level travel time spent in this place.
 D = Time resting spent in this place.
 E = Time spent auto-exploring this place.
 F = Levels seen in this place.
 G = Mean time per level.
                   A        B        C        D        E       F      G
               +--------+--------+--------+--------+--------+-----+--------+
         Total |   7917 |   7506 |    411 |     15 |   5675 |   8 |  989.6 |
       Dungeon |   7531 |   7120 |    411 |     15 |   5499 |   7 | 1075.9 |
         Sewer |    385 |    385 |      0 |      0 |    176 |   1 |  385.0 |
               +--------+--------+--------+--------+--------+-----+--------+

Top non-repeatable levels by time:
     D:1: 1967 daAuts
     D:7: 1154 daAuts
     D:6: 1103 daAuts
     D:5: 1031 daAuts
     D:4: 910 daAuts
     D:2: 697 daAuts
     D:3: 668 daAuts
   Sewer: 385 daAuts
